 Dungeon Crawl Stone Soup version 0.27-a0-29-g2d0a2396b0 (webtiles) character file.

Game seed: 3684787794636728864

16986 gruber the Thaumaturge (level 12, -2/92 HPs)
             Began as a Gnoll Wanderer on Jan 3, 2021.
             Was an Initiate of Gozag.
             Slain by a five-headed hydra (12 damage)
             ... on level 2 of the Lair of Beasts.
             The game lasted 00:23:09 (17436 turns).

gruber the Thaumaturge (Gnoll Wanderer)            Turns: 17436, Time: 00:23:09

Health: -2/92      AC:  9    Str: 26    XL:     12   Next: 43%
Magic:  24/24      EV: 17    Int: 18    God:    Gozag
Gold:   2157       SH:  6    Dex: 17    Spells: 20/28 levels left

rFire    . . .     SeeInvis .   P - +3 broad axe (flame)
rCold    + . .     Faith    .   v - +0 buckler
rNeg     . . .     Spirit   .   e - +0 leather armour {rC+}
rPois    .         Reflect  .   s - +0 helmet
rElec    .         Harm     .   f - +2 cloak
rCorr    .         Rampage  .   (no gloves)
Will     .....                  C - +0 pair of boots
Stlth    ++++......             (no amulet)
HPRegen  0.25/turn              D - +6 ring of strength
MPRegen  0.19/turn              w - +6 ring of strength

@: gold aura
A: distributed training, fangs 1, strong nose
a: Renounce Religion, Potion Petition, Call Merchant, Bribe Branch


You were on level 2 of the Lair of Beasts.
You worshipped Gozag.
Gozag was most pleased with you.
You visited 3 branches of the dungeon, and saw 14 of its levels.

You collected 2837 gold pieces.
You spent 99 gold pieces at shops.
You paid 581 gold pieces to Gozag.

Inventory:

Hand Weapons
 y - the +8 mithril axe "Arga" {speed, Will+}
   (You found it on level 6 of the Dungeon)

   Attacks with this weapon are significantly faster.
   It affects your willpower, your defense against some magical effects.
 P - a +3 broad axe of flaming (weapon)
Missiles
 x - 72 poisoned darts (quivered)
Armour
 e - a +0 leather armour of cold resistance (worn)
 f - a +2 cloak (worn)
 s - a +0 helmet (worn)
 v - a +0 buckler (worn)
 C - a +0 pair of boots (worn)
Jewellery
 a - an uncursed ring of wizardry
 u - an uncursed ring of protection from cold
 w - a +6 ring of strength (right hand)
 D - a +6 ring of strength (left hand)
 N - an uncursed ring of protection from cold
Wands
 p - a wand of polymorph (1)
 z - a wand of enslavement (18)
 B - a wand of flame (36)
 F - a wand of iceblast (11)
 K - a wand of disintegration (13)
 L - a wand of acid (5)
 S - a wand of digging (4)
Scrolls
 c - a scroll of fear {unknown}
 d - 5 scrolls of fog {unknown}
 g - 10 scrolls of remove curse {unknown}
 i - 3 scrolls of magic mapping {unknown}
 j - 3 scrolls of enchant armour {unknown}
 k - 14 scrolls of identify {unknown}
 l - 3 scrolls of immolation {unknown}
 m - 4 scrolls of enchant weapon {unknown}
 n - 7 scrolls of teleportation {unknown}
 E - a scroll of vulnerability {unknown}
 G - 5 scrolls of amnesia {unknown}
 J - 2 scrolls of blinking {unknown}
 R - a scroll of noise {unknown}
Potions
 b - 8 potions of lignification
 h - 4 potions of flight {unknown}
 o - 3 potions of might {unknown}
 q - 11 potions of curing
 r - a potion of resistance
 t - 4 potions of brilliance {unknown}
 A - 2 potions of haste
 H - 2 potions of attraction {unknown}
 I - 3 potions of heal wounds
 M - a potion of ambrosia {unknown}
 O - a potion of mutation {unknown}
Miscellaneous
 Q - a box of beasts


   Skills:
 + Level 7.8 Fighting
 + Level 7.3 Short Blades
 + Level 7.3 Long Blades
 + Level 7.3 Axes
 + Level 7.3 Maces & Flails
 + Level 7.8 Polearms
 + Level 7.3 Staves
 + Level 7.3 Slings
 + Level 7.3 Bows
 + Level 7.3 Crossbows
 + Level 7.8 Throwing
 + Level 7.3 Armour
 + Level 7.3 Dodging
 + Level 8.5 Stealth
 + Level 7.3 Shields
 + Level 7.3 Unarmed Combat
 + Level 8.9 Spellcasting
 + Level 8.2 Conjurations
 + Level 6.0 Hexes
 + Level 6.0 Summonings
 + Level 6.0 Necromancy
 + Level 6.0 Translocations
 + Level 6.0 Transmutations
 + Level 6.0 Fire Magic
 + Level 6.0 Ice Magic
 + Level 6.0 Air Magic
 + Level 6.0 Earth Magic
 + Level 6.0 Poison Magic
 + Level 8.0 Invocations
 + Level 7.3 Evocations


You had 20 spell levels left.
You knew the following spells:

 Your Spells              Type           Power        Failure   Level
a - Magic Dart            Conj           100%         1%          1
b - Blink                 Tloc           N/A          1%          2
c - Mephitic Cloud        Conj/Pois/Air  32%          1%          3
d - Wereblood             Tmut           29%          1%          2

Your spell library contained the following spells:

 Spells                   Type           Power        Failure   Level
 Beastly Appendage        Tmut           58%          1%          1
 Corona                   Hex            32%          1%          1
 Call Imp                 Summ           29%          1%          2
 Ensorcelled Hibernation  Hex/Ice        58%          1%          2
 Slow                     Hex            29%          1%          2
 Conjure Flame            Conj/Fire      33%          1%          3
 Dazzling Flash           Conj/Hex       66%          1%          3
 Confusing Touch          Hex            29%          2%          3
 Gell's Gravitas          Tloc           14%          2%          3
 Spider Form              Tmut/Pois      14%          2%          3
 Tukima's Dance           Hex            29%          2%          3
 Ice Form                 Ice/Tmut       29%          9%          4
 Petrify                  Tmut/Erth      29%          9%          4
 Blade Hands              Tmut           14%          22%         5
 Metabolic Englaciation   Hex/Ice        14%          22%         5
 Yara's Violent Unravell  Hex/Tmut       14%          22%         5


Dungeon Overview and Level Annotations

Branches:
Dungeon (11/15)            Temple (1/1) D:4            Lair (2/6) D:8
    Orc (0/2) D:9
  Swamp: Lair:2-4    Shoals: Lair:2-4     Snake: Lair:2-4    Spider: Lair:2-4

Altars:
Ashenzari
Cheibriados
Dithmenos
Elyvilon
Fedhas
Gozag
Kikubaaqudgha
Makhleb
Nemelex Xobeh
Okawaru
Ru
Sif Muna
Trog
Uskayaw
Vehumet
Wu Jian
Xom
Yredelemnul
Zin
The Shining One

Shops:
D:7 (   D:10 !

Annotations:
D:4 Grinder


Innate Abilities, Weirdness & Mutations

Your experience applies equally to all skills.
You have very sharp teeth.
Your uncanny sense of smell can sniff out nearby items.


Message History

Unknown command.
You barely miss the six-headed hydra. You bite the six-headed hydra.
The six-headed hydra is severely wounded.
The six-headed hydra bites you.
The six-headed hydra closely misses you.
The six-headed hydra bites you but does no damage.
You block the six-headed hydra's attack.
The six-headed hydra bites you! x2
* * * LOW HITPOINT WARNING * * *
Unknown command.
Unknown command.
You slice one of the six-headed hydra's heads off!
The flame cauterises the wound!
You hit the five-headed hydra. You burn the five-headed hydra.
The five-headed hydra is almost dead.
The five-headed hydra bites you!
* * * LOW HITPOINT WARNING * * *
The five-headed hydra bites you!
You die...
Your body crumbles into a pile of gold.

#.# # #.# ∆ #. ##<#
... ###..# ## ..
#.#.#.PP.###[# ....
P........#.#.###.....
#..........!..........
#.....$@D.............
#..########...........
##..#........
#............
##..#........
#............
##..#........
##..#........
#P..#....#.##


You could see a five-headed hydra.

Vanquished Creatures
  Harold (D:11)
  A hydra (Lair:1)
  A centaur warrior (D:11)
  An unseen horror (D:11)
  A manticore (D:11)
  An ugly thing (D:11)
  5 elephants (Lair:1)
  A black mamba (Lair:1)
  3 komodo dragons
  3 kobold demonologists
  3 trolls
  A meliai zombie (D:11)
  A wraith (D:7)
  A wyvern (D:10)
  9 yaks
  A steam dragon (D:8)
  2 wargs (D:8)
  2 water moccasins
  11 orc warriors
  4 ice beasts
  2 sky beasts
  3 black bears (D:8)
  An eye of draining (D:11)
  3 phantoms
  6 ogres
  A necrophage (D:5)
  6 wolves (Lair:1)
  9 centaurs
  Blork the orc (D:5)
  4 big kobolds
  5 bullfrogs
  A wyvern zombie (D:9)
  3 scorpions
  A wyvern skeleton (D:6)
  3 wights (D:9)
  2 howler monkeys (D:11)
  2 bullfrog zombies
  13 orc priests
  2 centaur skeletons
  4 hounds
  Terence (D:2)
  4 jellies
  18 orc wizards
  5 iguanas
  4 worker ants
  A hound zombie (D:11)
  A worker ant zombie (D:10)
  Robin (D:2)
  13 adders
  2 howler monkey skeletons
  A shadow imp (D:7)
  A white imp (D:5)
  4 ufetubi
  5 oozes
  An adder zombie (D:8)
  4 adder skeletons
  4 worms
  4 dart slugs
  5 leopard geckos
  64 orcs
  4 ball pythons
  8 bats
  14 giant cockroaches
  18 goblins
  18 hobgoblins
  15 jackals
  7 quokkas
  6 frilled lizards
  25 kobolds
  7 rats
390 creatures vanquished.

Vanquished Creatures (others)
  5 fungi
  15 plants
20 creatures vanquished.

Grand Total: 410 creatures vanquished

Notes
Turn   | Place    | Note
-------+----------+-------------------------------------------
     0 | D:1      | gruber the Gnoll Wanderer began the quest for the Orb.
     0 | D:1      | gruber set off with the following items: a +0 dagger, 2
                  | potions of lignification, a +0 robe; and the following
                  | spell memorised: Magic Dart; and the following spells
                  | available to memorise: Conjure Flame, Mephitic Cloud,
                  | Blink, Call Imp, Slow
     0 | D:1      | Reached XP level 1. HP: 17/17 MP: 6/6
   212 | D:1      | Reached XP level 2. HP: 23/23 MP: 0/7
   532 | D:1      | Reached XP level 3. HP: 28/28 MP: 0/9
   545 | D:1      | Reached skill level 5 in Spellcasting
   785 | D:1      | Reached skill level 1 in Invocations
   788 | D:1      | Learned a level 2 spell: Blink
   792 | D:1      | Learned a level 3 spell: Mephitic Cloud
  1102 | D:2      | Reached skill level 1 in Short Blades
  1102 | D:2      | Reached skill level 1 in Long Blades
  1102 | D:2      | Reached skill level 1 in Axes
  1102 | D:2      | Reached skill level 1 in Maces & Flails
  1102 | D:2      | Reached skill level 1 in Staves
  1102 | D:2      | Reached skill level 1 in Slings
  1102 | D:2      | Reached skill level 1 in Bows
  1102 | D:2      | Reached skill level 1 in Crossbows
  1102 | D:2      | Reached skill level 1 in Armour
  1102 | D:2      | Reached skill level 1 in Dodging
  1102 | D:2      | Reached skill level 1 in Shields
  1102 | D:2      | Reached skill level 1 in Unarmed Combat
  1102 | D:2      | Reached skill level 1 in Evocations
  1236 | D:2      | Reached XP level 4. HP: 34/34 MP: 7/11
  1566 | D:2      | Reached skill level 1 in Hexes
  1566 | D:2      | Reached skill level 1 in Summonings
  1566 | D:2      | Reached skill level 1 in Necromancy
  1566 | D:2      | Reached skill level 1 in Translocations
  1566 | D:2      | Reached skill level 1 in Transmutations
  1566 | D:2      | Reached skill level 1 in Fire Magic
  1566 | D:2      | Reached skill level 1 in Ice Magic
  1566 | D:2      | Reached skill level 1 in Air Magic
  1566 | D:2      | Reached skill level 1 in Earth Magic
  1566 | D:2      | Reached skill level 1 in Poison Magic
  1768 | D:2      | Reached XP level 5. HP: 40/40 MP: 9/12
  1791 | D:2      | You fall into a shaft and drop 2 floors!
  1959 | D:4      | Found a staircase to the Ecumenical Temple.
  1968 | D:4      | Noticed Grinder
  1974 | D:4      | Paralysed by Grinder for 3 turns
  2158 | D:2      | Noticed Robin
  2474 | D:3      | Reached XP level 6. HP: 21/47 MP: 2/13
  3099 | D:2      | Noticed Terence
  3119 | D:2      | Killed Terence
  3255 | D:2      | Killed Robin
  4066 | D:3      | Found a faded altar of an unknown god.
  4283 | D:4      | Paralysed by Grinder for 5 turns
  4450 | D:4      | Noticed an orc warrior
  4538 | D:3      | Reached XP level 7. HP: 52/52 MP: 11/15
  4936 | D:4      | Reached skill level 5 in Stealth
  5015 | D:4      | Found a shimmering blue altar of Sif Muna.
  5546 | Temple   | Entered the Ecumenical Temple
  5679 | Temple   | Became a worshipper of Gozag Ym Sagoz the Greedy
  5932 | D:5      | Entered Level 5 of the Dungeon
  5960 | D:5      | Reached XP level 8. HP: 60/60 MP: 16/16
  6973 | D:5      | Noticed Blork the orc
  6990 | D:5      | Killed Blork the orc
  7670 | D:6      | Found a blossoming altar of Fedhas.
  8565 | D:6      | Found the +8 mithril axe "Arga" {speed, Will+}
  8783 | D:6      | Reached XP level 9. HP: 60/66 MP: 18/18
  9185 | D:7      | Found Ufoesibocs's Book Shop.
  9477 | D:7      | Reached skill level 5 in Fighting
  9477 | D:7      | Reached skill level 5 in Polearms
  9477 | D:7      | Reached skill level 5 in Throwing
  9671 | D:7      | Found Bonac's Antique Weapon Boutique.
 10195 | D:7      | Reached skill level 5 in Invocations
 10533 | D:7      | Reached XP level 10. HP: 73/74 MP: 20/20
 11034 | D:8      | Found a bloodstained altar of Trog.
 11038 | D:8      | Reached skill level 5 in Short Blades
 11038 | D:8      | Reached skill level 5 in Long Blades
 11038 | D:8      | Reached skill level 5 in Axes
 11038 | D:8      | Reached skill level 5 in Maces & Flails
 11038 | D:8      | Reached skill level 5 in Staves
 11038 | D:8      | Reached skill level 5 in Slings
 11038 | D:8      | Reached skill level 5 in Bows
 11038 | D:8      | Reached skill level 5 in Crossbows
 11038 | D:8      | Reached skill level 5 in Armour
 11038 | D:8      | Reached skill level 5 in Dodging
 11038 | D:8      | Reached skill level 5 in Shields
 11038 | D:8      | Reached skill level 5 in Unarmed Combat
 11038 | D:8      | Reached skill level 5 in Evocations
 11039 | D:8      | Found a radiant altar of Vehumet.
 11191 | D:8      | Found a staircase to the Lair.
 11359 | D:8      | Noticed a kobold demonologist
 11359 | D:8      | Noticed a kobold demonologist
 11359 | D:8      | Noticed a kobold demonologist
 11392 | Lair:1   | Entered Level 1 of the Lair of Beasts
 11392 | Lair:1   | Noticed a seven-headed hydra
 11407 | Lair:1   | Noticed a smoke demon
 11412 | Lair:1   | Killed a seven-headed hydra
 11417 | Lair:1   | Killed a kobold demonologist
 11575 | Lair:1   | Killed a kobold demonologist
 11589 | D:8      | Noticed a sixfirhy
 11592 | D:8      | Noticed a smoke demon
 11595 | D:8      | Killed a kobold demonologist
 11965 | Lair:1   | Reached XP level 11. HP: 43/83 MP: 22/22
 11970 | Lair:1   | HP: 3/83 [yak (8)]
 12579 | Lair:1   | Reached skill level 5 in Hexes
 12579 | Lair:1   | Reached skill level 5 in Summonings
 12579 | Lair:1   | Reached skill level 5 in Necromancy
 12579 | Lair:1   | Reached skill level 5 in Translocations
 12579 | Lair:1   | Reached skill level 5 in Transmutations
 12579 | Lair:1   | Reached skill level 5 in Fire Magic
 12579 | Lair:1   | Reached skill level 5 in Ice Magic
 12579 | Lair:1   | Reached skill level 5 in Air Magic
 12579 | Lair:1   | Reached skill level 5 in Earth Magic
 12579 | Lair:1   | Reached skill level 5 in Poison Magic
 13835 | D:8      | Found a snail-covered altar of Cheibriados.
 13842 | D:8      | Found a white marble altar of Elyvilon.
 13899 | D:8      | Found a bloodstained altar of Trog.
 14091 | D:9      | Found a glowing silver altar of Zin.
 14220 | D:9      | Found a shimmering altar of Xom.
 14364 | D:9      | Found a staircase to the Orcish Mines.
 15031 | D:10     | Entered Level 10 of the Dungeon
 15153 | D:10     | Found a snail-covered altar of Cheibriados.
 15165 | D:10     | Found Likyru's Distillery.
 15171 | D:10     | Bought a potion of curing for 33 gold pieces
 15171 | D:10     | Bought a potion of heal wounds for 55 gold pieces
 15171 | D:10     | Bought a potion of degeneration for 11 gold pieces
 15224 | D:10     | Learned a level 2 spell: Wereblood
 15766 | D:11     | Killed an unseen horror
 15925 | D:11     | Noticed Harold
 15926 | D:11     | Noticed a purple ugly thing
 15932 | D:11     | Killed Harold
 15933 | D:11     | Reached XP level 12. HP: 50/91 MP: 24/24
 16454 | D:11     | HP: 2/91 [manticore (22)]
 16932 | D:11     | Noticed a centaur warrior
 16940 | D:11     | Killed a centaur warrior
 17425 | Lair:2   | Noticed a seven-headed hydra
 17436 | Lair:2   | Slain by a five-headed hydra

Illustrated notes

Levels and vault maps discovered:
D:1:      amcnicky_arrival_blooded_trapdoor, layout_rooms, minmay_surrounded
D:2:      layout_basic, uniq_robin, uniq_terence
D:3:      minmay_inner_zag, layout_rooms, chequers_ecumenical_altar_lobes
D:4:      layout_rooms, old_standard_altar, minmay_temple_entry_wispy,
          uniq_grinder
D:5:      layout_basic, uniq_blork_the_orc
D:6:      minmay_razor_zed, layout_basic, fedhas_altar_3, gup_sewer_entry_glass
D:7:      minmay_chambers_of_sixes, layout_rooms, serial_shops,
          nicolae_shop_crystal, nicolae_shop_statue_plus
D:8:      layout_basic, overflow_temple_1_default, vehumet_altar_wand_db,
          amethyst_overflow_temple_binary, erik_lair_orcish_takeover,
          minmay_strange_pillars, trog_ov_bears_minmay
D:9:      layout_loops_corners, marbit_many_paths, orc_0_dummy, serial_glass,
          glass_columns_a, glass_columns_a, minmay_strange_pillars,
          xom_teletrap_fun
D:10:     layout_loops_ring, serial_shops, shop, basic_altar
D:11:     layout_rooms, uniq_harold
Temple:   regret_index_temple_waves
Lair:1:   layout_chaotic_city, grunt_megastairs_3
Lair:2:   layout_chaotic_city

Skill      XL: |  1  2  3  4  5  6  7  8  9 10 11 12 |
---------------+-------------------------------------+-----
Spellcasting   | 5 6 7 8 |  8.9
Invocations    | 1 2 3 4 5 6 7 8 |  8.0
Short Blades   | 1 2 3 4 5 6 7 |  7.3
Long Blades    | 1 2 3 4 5 6 7 |  7.3
Axes           | 1 2 3 4 5 6 7 |  7.3
Maces & Flails | 1 2 3 4 5 6 7 |  7.3
Staves         | 1 2 3 4 5 6 7 |  7.3
Slings         | 1 2 3 4 5 6 7 |  7.3
Bows           | 1 2 3 4 5 6 7 |  7.3
Crossbows      | 1 2 3 4 5 6 7 |  7.3
Armour         | 1 2 3 4 5 6 7 |  7.3
Dodging        | 1 2 3 4 5 6 7 |  7.3
Shields        | 1 2 3 4 5 6 7 |  7.3
Unarmed Combat | 1 2 3 4 5 6 7 |  7.3
Evocations     | 1 2 3 4 5 6 7 |  7.3
Hexes          | 1 2 3 4 5 6 |  6.0
Summonings     | 1 2 3 4 5 6 |  6.0
Necromancy     | 1 2 3 4 5 6 |  6.0
Translocations | 1 2 3 4 5 6 |  6.0
Transmutations | 1 2 3 4 5 6 |  6.0
Fire Magic     | 1 2 3 4 5 6 |  6.0
Ice Magic      | 1 2 3 4 5 6 |  6.0
Air Magic      | 1 2 3 4 5 6 |  6.0
Earth Magic    | 1 2 3 4 5 6 |  6.0
Poison Magic   | 1 2 3 4 5 6 |  6.0
Fighting       | 3 4 5 6 7 |  7.8
Polearms       | 3 4 5 6 7 |  7.8
Throwing       | 3 4 5 6 7 |  7.8
Stealth        | 5 6 7 8 |  8.5
Conjurations   | 6 7 8 |  8.2

Action                   |  1- 3 |  4- 6 |  7- 9 | 10-12 || total
-------------------------+-------+-------+-------+-------++-------
Melee: Dagger            |    25 |       |    20 |       ||    45
       Bite              |     8 |     8 |    44 |    52 ||   112
       Short sword       |    42 |    75 |       |       ||   117
       Unarmed           |       |     6 |       |       ||     6
       Punch             |       |     1 |       |       ||     1
       Whip              |       |       |   180 |       ||   180
       Rapier            |       |       |     1 |       ||     1
       Broad axe         |       |       |   128 |   382 ||   510
Throw: Dart              |       |       |     9 |     3 ||    12
 Cast: Magic Dart        |    47 |   188 |   147 |       ||   382
       Blink             |       |     4 |       |     4 ||     8
       Mephitic Cloud    |       |     4 |    14 |       ||    18
       Wereblood         |       |       |       |     6 ||     6
Invok: Potion Petition   |       |       |     1 |       ||     1
Evoke: Wand              |       |       |       |    14 ||    14
 Stab: Sleeping          |     2 |     1 |     7 |     8 ||    18
       Confused          |       |     2 |     3 |       ||     5
       Distracted        |       |       |     2 |     2 ||     4
Armor: Robe              |     2 |       |       |       ||     2
       Leather armour    |     9 |    35 |    77 |    77 ||   198
       Skin              |       |     1 |       |       ||     1
Dodge: Dodged            |    48 |   103 |   189 |   248 ||   588
Block: Buckler           |       |       |    65 |   112 ||   177

Table legend: (Time is in decaauts)
 A = Elapsed time spent in this place.
 B = Non-inter-level travel time spent in this place.
 C = Inter-level travel time spent in this place.
 D = Time resting spent in this place.
 E = Time spent auto-exploring this place.
 F = Levels seen in this place.
 G = Mean time per level.
                   A        B        C        D        E       F      G
               +--------+--------+--------+--------+--------+-----+--------+
         Total |  17392 |  16445 |    947 |   2151 |  11536 |  14 | 1242.3 |
       Dungeon |  15161 |  14406 |    755 |   1988 |   9938 |  11 | 1378.3 |
        Temple |    164 |    136 |     28 |      0 |    119 |   1 |  164.0 |
          Lair |   2067 |   1903 |    164 |    163 |   1479 |   2 | 1033.5 |
               +--------+--------+--------+--------+--------+-----+--------+

Top non-repeatable levels by time:
     D:3: 2471 daAuts
     D:6: 1921 daAuts
  Lair:1: 1813 daAuts
     D:5: 1635 daAuts
    D:11: 1471 daAuts
     D:7: 1325 daAuts
     D:2: 1201 daAuts
     D:4: 1197 daAuts
     D:8: 1147 daAuts
     D:1: 1080 daAuts
     D:9: 1006 daAuts
    D:10: 704 daAuts
  Lair:2: 253 daAuts
  Temple: 164 daAuts
